 Dungeon Crawl Stone Soup version 0.28.0-45-g0d030f2227 (webtiles) character file.

Game seed: 17260525433101779647

59701 Icepheonix32 the Pandemonic (level 14, -15/106 HPs)
             Began as a Demonspawn Fighter on Apr 10, 2022.
             Was a High Priest of Makhleb.
             Demolished by Rupert
             ... wielding a +4 vorpal great mace
              (20 damage)
             ... while paralysed by Rupert
             ... on level 6 of the Lair of Beasts.
             The game lasted 00:29:20 (22779 turns).

Icepheonix32 the Pandemonic (Demonspawn Fighter)   Turns: 22779, Time: 00:29:21

Health: -15/106    AC: 30    Str: 19    XL:     14   Next: 54%
Magic:  0/24       EV:  2    Int: 10    God:    Makhleb [*****.]
Gold:   1277       SH:  0    Dex: 21    Spells: 20/26 levels left

rFire   x . .      SeeInvis .   w - +11 short sword of Verdant Expedience {vorpal, Will+ Stlth+}
rCold   + + .      Faith    .   c - +0 buckler
rNeg    . . .      Spirit   +   Q - +0 ice dragon scales
rPois   .          Reflect  +   (helmet unavailable)
rElec   .          Harm     .   (no cloak)
rCorr   .          Rampage  .   g - +2 pair of gloves
Will    ++...                   H - +0 pair of boots
Stlth   +++.......              N - amulet of reflection
HPRegen 0.27/turn               F - +6 ring of dexterity
MPRegen 0.38/turn               (no ring)

@: paralysed, sanguine armoured
A: horns 3, demonic guardian 2, magic shield, magic regeneration, sanguine
armour 3, bedeviling
a: Renounce Religion, Minor Destruction, Lesser Servant of Makhleb, Major
Destruction, Greater Servant of Makhleb


You were on level 6 of the Lair of Beasts.
You worshipped Makhleb.
Makhleb was extremely pleased with you.
You visited 3 branches of the dungeon, and saw 18 of its levels.
You also visited: Sewer.

You collected 1277 gold pieces.

Inventory:

Hand Weapons
 j - a +0 dagger of draining
 w - the +11 short sword of Verdant Expedience (weapon) {vorpal, Will+ Stlth+}
   (You found it on level 6 of the Dungeon)

   It inflicts extra damage upon your enemies.
   Will:      It increases your willpower.
   Stlth:     It makes you more stealthy.
 y - a +3 scimitar
 D - a +2 scimitar of flaming
 P - a +5 hand crossbow
Missiles
 p - 3 throwing nets
 x - 6 javelins (quivered)
 M - 5 boomerangs of dispersal
Armour
 c - a +0 buckler (worn)
 g - a +2 pair of gloves (worn)
 t - a +0 troll leather armour
 B - a +2 ring mail of fire resistance
 H - a +0 pair of boots (worn)
 Q - +0 ice dragon scales (worn)
 T - a +0 plate armour
Jewellery
 F - a +6 ring of dexterity (left hand)
 N - an amulet of reflection (around neck)
Wands
 m - a wand of iceblast (12)
 J - a wand of polymorph (4)
Scrolls
 a - 5 scrolls of teleportation
 b - a scroll of silence {unknown}
 d - 2 scrolls of fear
 e - 3 scrolls of blinking
 f - 2 scrolls of enchant armour
 h - 4 scrolls of immolation
 i - 2 scrolls of amnesia
 l - a scroll of identify
 q - 4 scrolls of summoning
 r - a scroll of magic mapping
 z - 2 scrolls of noise {unknown}
 K - a scroll of brand weapon {unknown}
 L - a scroll of enchant weapon
 R - a scroll of fog {unknown}
Potions
 k - 6 potions of ambrosia
 n - 2 potions of lignification
 o - 5 potions of heal wounds
 s - 3 potions of degeneration
 u - a potion of flight {unknown}
 v - a potion of magic
 A - a potion of resistance
 C - 2 potions of curing
 E - a potion of attraction
 G - a potion of cancellation {unknown}
 I - 2 potions of haste
 O - 2 potions of invisibility {unknown}


   Skills:
 + Level 8.8 Fighting
 + Level 10.3(10.6) Short Blades
 - Level 3.3(7.4) Long Blades
 + Level 0.7 Throwing
 * Level 10.6 Armour
 + Level 7.9 Dodging
 + Level 5.7 Stealth
 + Level 8.1 Shields
 * Level 6.7 Spellcasting
 + Level 5.1 Hexes
 * Level 5.9 Summonings
 * Level 10.9 Invocations


You had 20 spell levels left.
You knew the following spells:

 Your Spells              Type           Power      Damage    Failure   Level
a - Summon Guardian Gole  Hex/Summ       21%        N/A       22%         3
b - Call Canine Familiar  Summ           15%        N/A       19%         3

Your spell library contained the following spells:

 Spells                   Type           Power      Damage    Failure   Level
 Summon Small Mammal      Summ           60%        N/A       6%          1
 Shock                    Conj/Air       12%        1d3       56%         1
 Sting                    Tmut/Pois      12%        1d3       56%         1
 Inner Flame              Hex/Fire       12%        N/A       58%         3
 Portal Projectile        Hex/Tloc       24%        N/A       58%         3
 Cause Fear               Hex            10%        N/A       65%         4
 Poisonous Vapours        Pois/Air       6%         N/A       71%         2
 Swiftness                Air            3%         N/A       91%         3
 Leda's Liquefaction      Hex/Erth       6%         N/A       94%         4
 Airstrike                Air            1%         N/A       100%        4
 Animate Dead             Necr           1%         N/A       100%        4
 Dispel Undead            Necr           3%         3d7       100%        4
 Olgreb's Toxic Radiance  Pois           3%         N/A       100%        4
 Petrify                  Tmut/Erth      3%         N/A       100%        4
 Borgnjor's Vile Clutch   Necr/Erth      1%         N/A       100%        5
 Freezing Cloud           Conj/Ice/Air   1%         6-21      100%        5
 Lee's Rapid Deconstruct  Erth           1%         3d5*      100%        5
 Metabolic Englaciation   Hex/Ice        6%         N/A       100%        5
 Death Channel            Necr           1%         N/A       100%        6
 Statue Form              Tmut/Erth      2%         N/A       100%        6
 Discord                  Hex            10%        N/A       100%        8


Dungeon Overview and Level Annotations

Branches:
Dungeon (11/15)            Temple (1/1) D:7            Lair (6/6) D:11
  Swamp (0/4) Lair:2       Spider (0/4) Lair:3        Slime (0/5) Lair:5
  Sewer (visited)
    Orc: D:9-12

Altars:
Ashenzari
Cheibriados
Dithmenos
Elyvilon
Fedhas
Gozag
Hepliaklqana
Kikubaaqudgha
Makhleb
Nemelex Xobeh
Okawaru
Qazlal
Ru
Sif Muna
Trog
Uskayaw
Vehumet
Wu Jian
Xom
Yredelemnul
Zin
The Shining One

Shops:
D:1 [   D:4 =   D:9 :

Annotations:
D:6 2 runed translucent doors, Kazon's ghost, novice VSFi
D:10 3 runed translucent doors, issech's ghost, journeyman TrMo
Lair:6 Rupert


Innate Abilities, Weirdness & Mutations

You have a pair of large horns on your head.
A demonic guardian rushes to your aid.
When hurt, damage is shared between your health and your magic reserves.
You regenerate magic rapidly.
When seriously injured, your blood forms very thick armour. (AC +12)
Your hexes are more powerful.


Message History

Your guardian golem overheats!
Rupert yells loudly at you.
You suddenly lose the ability to move!
The black mamba bites your green death! Flame seeps out of your guardian golem.
Your green death closely misses Rupert.
Your guardian golem is engulfed in blazing flames.
Flame seeps out of your guardian golem.
Rupert roars madly and goes into a rage!
Rupert goes berserk!
The black mamba barely misses your green death.
The black mamba bites your green death.
Your green death looks as sick as possible!
The black mamba poisons your green death!
Flame seeps out of your guardian golem. Rupert barely misses you.
Your green death gestures at the black mamba.
The poison arrow hits the black mamba!
The black mamba partially resists.
The black mamba is poisoned.
Your guardian golem is engulfed in blazing flames.
Your guardian golem disappears in a puff of smoke!
Your guardian golem explodes!
The fiery explosion engulfs you!!! The fire burns you terribly!
Your blood congeals into armour.
The fiery explosion engulfs the fungus!!
The fungus begins to die.
You hear a bellow! x2; You hear an angry hiss.
You hear a bellow!
Your magical contamination has completely faded away.
You are engulfed in blazing flames.
The fungus is engulfed in blazing flames.
The black mamba bites your green death!
Your green death looks as sick as possible!
The black mamba poisons your green death!
Rupert hits you with a +4 vorpal great mace!!!
* * * LOW HITPOINT WARNING * * *
A demonic guardian appears!
* * * LOW HITPOINT WARNING * * *
Your green death gestures at the black mamba.
The bolt of poison hits the black mamba.
The black mamba completely misses your green death.
Rupert hits you with a +4 vorpal great mace!!
You die...

###.....###.^.........PP..P# .?.
.##.[.###...P.#......P.....###...
..#.###.......###..#........#....
P.### .....#####...#.........#...
P.# ...... #.........†....... ..#
#...... ###.......†......## .##
###.....#.................# ##
#....#.................
#.32@§§..............
.....S@P°#..............
..P....###.............. ......#
#.............## ......
##..........(## ##...#
P...........# #... ..P...... ....


You could see Rupert (berserk), a black mamba (very poisoned, ally target), a
friendly green death (summoned, extremely poisoned) and a friendly sixfirhy
(summoned).

Vanquished Creatures
  4 hydras
  An ice dragon (Lair:5)
  A boulder beetle (Lair:6)
  Erica (D:9)
  3 catoblepae
  A lindwurm (Lair:2)
  A wolf spider (Lair:6)
  29 elephants
  A guardian serpent (Lair:6)
  7 black mambas
  A gargoyle (D:11)
  2 torpor snails
  15 cane toads
  3 rime drakes
  9 komodo dragons
  3 trolls
  2 polar bears
  A hornet (Lair:6)
  8 blink frogs
  2 slime creatures (Lair:4)
  A meliai zombie (D:11)
  A jumping spider (Lair:3)
  A shadow (D:10)
  A spriggan (Lair:4)
  7 wyverns
  54 yaks
  2 fire bats (Lair:1)
  A basilisk (Lair:1)
  A redback (Lair:6)
  2 steam dragons
  2 wargs (D:11)
  26 water moccasins
  A black bear (D:5)
  A hornet zombie (D:6)
  A sky beast (D:7)
  4 orc warriors
  A necrophage (D:5)
  12 wolves
  2 centaurs (D:6)
  A kobold brigand (D:7)
  15 bullfrogs
  A gnoll sergeant (D:9)
  A wyvern zombie (D:6)
  4 scorpions (D:5)
  A water moccasin skeleton (D:5)
  40 killer bees
  8 wights (D:7)
  2 electric eels
  4 howler monkeys
  4 centaur zombies
  A centaur skeleton (D:5)
  3 jellies
  4 orc priests
  A hound (D:5)
  A gnoll shaman (D:8)
  2 iguanas
  Jessica (D:3)
  Ijyb (D:3)
  An orc wizard (D:9)
  4 hell rats (Lair:4)
  A killer bee zombie (D:6)
  A howler monkey zombie (D:10)
  8 adders
  21 gnolls
  4 river rats (D:3)
  5 white imps
  2 adder skeletons (D:4)
  A worm (D:2)
  4 dart slugs
  20 orcs
  4 bats
  19 endoplasms
  6 giant cockroaches
  11 goblins
  7 hobgoblins
  5 jackals
  14 quokkas
  24 ball pythons
  13 frilled lizards
  10 kobolds
  2 rats
498 creatures vanquished.

Vanquished Creatures (collateral kills)
  A boulder beetle (Lair:2)
  A hydra (Lair:3)
  A death yak (Lair:2)
  Nergalle (Lair:4)
  4 elephants (Lair:4)
  4 cane toads
  A rime drake (Lair:2)
  3 komodo dragons
  A queen bee (D:9)
  A polar bear (Lair:3)
  2 blink frogs (Lair:6)
  A fire bat (Lair:1)
  A wolf (Lair:1)
  2 bullfrogs
  An electric eel (Lair:3)
  A lava snake (Lair:1)
  A hell rat (Lair:4)
  A gnoll (D:2)
  A frilled lizard (D:2)
  A rat (D:3)
30 creatures vanquished.

Vanquished Creatures (others)
  A dire elephant (Lair:4)
  2 elephants (Lair:4)
  A cane toad (Lair:4)
  104 fungi
  134 plants
242 creatures vanquished.

Grand Total: 770 creatures vanquished

Notes
Turn   | Place    | Note
-------+----------+-------------------------------------------
     0 | D:1      | Icepheonix32 the Demonspawn Fighter began the quest for the
                  | Orb.
     0 | D:1      | Reached XP level 1. HP: 18/18 MP: 1/1
    66 | D:1      | Gained mutation: You have a pair of small horns on your
                  | head. [demonic ancestry]
    66 | D:1      | Reached XP level 2. HP: 17/24 MP: 2/2
   331 | D:1      | Found Limien's Armour Shoppe.
   380 | D:1      | Gained mutation: A weak demonic guardian rushes to your
                  | aid. [demonic ancestry]
   380 | D:1      | Reached XP level 3. HP: 29/29 MP: 3/3
   490 | D:1      | Found a faded altar of an unknown god.
   899 | D:2      | Gained mutation: When seriously injured, your blood forms
                  | armour. (AC +12) [demonic ancestry]
   899 | D:2      | Reached XP level 4. HP: 11/35 MP: 4/4
  1721 | D:2      | Reached XP level 5. HP: 27/41 MP: 5/5
  2054 | D:3      | Found a glowing drain.
  2072 | Sewer    | Entered a sewer
  2755 | Sewer    | Reached skill level 1 in Dodging
  3045 | Sewer    | Gained mutation: You have a pair of horns on your head.
                  | [demonic ancestry]
  3045 | Sewer    | Reached XP level 6. HP: 48/48 MP: 6/6
  3313 | D:3      | Noticed Ijyb
  3321 | D:3      | Killed Ijyb
  3330 | D:3      | Noticed Jessica
  3335 | D:3      | Killed Jessica
  3687 | D:3      | Reached skill level 5 in Armour
  3687 | D:3      | Gained mutation: You regenerate magic rapidly. [demonic
                  | ancestry]
  3687 | D:3      | Reached XP level 7. HP: 41/54 MP: 7/7
  4840 | D:4      | Found Fomuomnubazu's One-of-a-Kind Rings.
  5008 | D:5      | Entered Level 5 of the Dungeon
  5287 | D:5      | Reached skill level 1 in Short Blades
  5565 | D:5      | Reached skill level 1 in Stealth
  5860 | D:5      | Gained mutation: When hurt, damage is shared between your
                  | health and your magic reserves. [demonic ancestry]
  5860 | D:5      | Reached XP level 8. HP: 28/61 MP: 8/8
  6539 | D:6      | Reached skill level 5 in Fighting
  6911 | D:6      | Identified the +11 short sword of Verdant Expedience
                  | {vorpal, Will+ Stlth+}
  6936 | D:6      | Found a runed translucent door.
  6940 | D:6      | Noticed Kazon's ghost (novice VSFi)
  6982 | D:6      | Found a runed translucent door.
  7571 | D:7      | Gained mutation: When seriously injured, your blood forms
                  | thick armour. (AC +12) [demonic ancestry]
  7571 | D:7      | Reached XP level 9. HP: 62/68 MP: 9/9
  7906 | D:7      | Reached skill level 5 in Shields
  7924 | D:7      | Found a staircase to the Ecumenical Temple.
  7937 | Temple   | Entered the Ecumenical Temple
  8157 | Temple   | Became a worshipper of Makhleb the Destroyer
  8369 | D:7      | Found a snail-covered altar of Cheibriados.
  8845 | D:8      | Identified the +8 flail of Compulsion {holy, Drain Str+7}
  9046 | D:8      | Reached skill level 1 in Invocations
  9179 | D:8      | Got the Compendium of Cloudy Dark Rituals
  9760 | D:8      | Reached skill level 5 in Short Blades
  9979 | D:9      | Gained mutation: A demonic guardian rushes to your aid.
                  | [demonic ancestry]
  9979 | D:9      | Reached XP level 10. HP: 54/76 MP: 8/12
 10111 | D:9      | Reached * piety under Makhleb
 10369 | D:9      | Reached skill level 5 in Dodging
 10431 | D:9      | Reached ** piety under Makhleb
 10799 | D:9      | Reached skill level 5 in Invocations
 11003 | D:9      | Found Boneokhlo's Book Emporium.
 11387 | D:9      | Gained mutation: Your hexes are more powerful. [demonic
                  | ancestry]
 11387 | D:9      | Reached XP level 11. HP: 79/83 MP: 15/15
 11402 | D:9      | Learned a level 3 spell: Summon Guardian Golem
 11462 | D:9      | Noticed Erica
 11470 | D:9      | Killed Erica
 11611 | D:10     | Entered Level 10 of the Dungeon
 11677 | D:10     | Reached skill level 1 in Spellcasting
 11683 | D:10     | Reached skill level 1 in Summonings
 11828 | D:10     | Reached skill level 1 in Hexes
 12354 | D:10     | Found a runed translucent gate.
 12354 | D:10     | Found a runed translucent gate.
 12354 | D:10     | Found a runed translucent gate.
 12498 | D:10     | Noticed issech's ghost (journeyman TrMo)
 12703 | D:11     | Found a staircase to the Lair.
 12748 | Lair:1   | Entered Level 1 of the Lair of Beasts
 12754 | Lair:1   | Reached *** piety under Makhleb
 13460 | Lair:1   | Noticed a five-headed hydra
 13472 | Lair:1   | Killed a two-headed hydra
 14168 | Lair:1   | Reached XP level 12. HP: 83/91 MP: 15/17
 14825 | Lair:2   | Noticed a boulder beetle
 14876 | Lair:2   | Killed a boulder beetle
 14881 | Lair:2   | Reached **** piety under Makhleb
 15244 | Lair:2   | Noticed a four-headed hydra
 15254 | Lair:2   | Killed a three-headed hydra
 15266 | Lair:2   | Learned a level 3 spell: Call Canine Familiar
 15266 | Lair:2   | Noticed a death yak
 15289 | Lair:2   | Killed a death yak
 15574 | Lair:2   | Found a staircase to the Swamp.
 16189 | Lair:3   | Found a hole to the Spider Nest.
 16383 | Lair:3   | Reached skill level 5 in Stealth
 16785 | Lair:3   | Gained mutation: When seriously injured, your blood forms
                  | very thick armour. (AC +12) [demonic ancestry]
 16785 | Lair:3   | Reached XP level 13. HP: 90/98 MP: 16/19
 16886 | Lair:3   | Reached skill level 5 in Summonings
 17377 | Lair:4   | Reached skill level 5 in Hexes
 18332 | Lair:4   | Noticed Nergalle
 18351 | Lair:4   | Killed Nergalle
 18759 | Lair:4   | Reached skill level 5 in Spellcasting
 18998 | Lair:4   | Reached ***** piety under Makhleb
 19045 | Lair:4   | Noticed a dire elephant
 19066 | Lair:4   | Killed a dire elephant
 19067 | Lair:4   | Reached skill level 10 in Armour
 20340 | Lair:5   | Reached skill level 10 in Invocations
 20536 | Lair:5   | Gained mutation: You have a pair of large horns on your
                  | head. [demonic ancestry]
 20536 | Lair:5   | Reached XP level 14. HP: 103/106 MP: 18/22
 21092 | Lair:5   | Found a staircase to the Slime Pits.
 21585 | Lair:6   | Entered Level 6 of the Lair of Beasts
 21892 | Lair:6   | Reached skill level 10 in Short Blades
 22365 | Lair:6   | Paralysed by a hornet for 3 turns
 22769 | Lair:6   | Noticed Rupert
 22776 | Lair:6   | Paralysed by Rupert for 4 turns
 22779 | Lair:6   | HP: 5/106 [Rupert/+4 vorpal great mace (10)]
 22779 | Lair:6   | Demolished by Rupert

Illustrated notes

Levels and vault maps discovered:
D:1:      minmay_arrival_checkered_box, layout_rooms, serial_shops,
          nicolae_shop_advertising_works [nicolae_subvault_shop_adworks],
          shapermc_ecumenical_altar_hornbeckon
D:2:      wad_woods_settlement, layout_basic
D:3:      layout_basic, portal_sewer_entry_b, uniq_ijyb, uniq_jessica
D:4:      layout_rooms, serial_co_window_serial, co_window_paths_a,
          co_window_cross_1, co_window_corner_a, co_window_paths_a,
          co_window_paths_a, co_window_broadway_c, co_window_cross_3,
          co_window_broadway_a, co_window_paths_c, co_window_corner_ca,
          co_window_broadway_b, co_window_of_opportunity_b, co_window_4corner_b,
          co_window_paths_d, glass_columns_b, glass_columns_b,
          minmay_misc_feat_chi, nicolae_shop_unique_rings
D:5:      layout_basic
D:6:      layout_loops_ring, ebering_ghost_sewer_f, grunt_ministairs_14
D:7:      layout_basic, mainiacjoe_overflow_chevrons,
          minmay_temple_entry_overgrown
D:8:      layout_gridville
D:9:      layout_roguey [special_room_bee], serial_shops, nicolae_stop_n_shop_1,
          uniq_erica
D:10:     layout_loops_cross, gammafunk_ghost_spectres, grunt_ministairs_13,
          nrook_mini_backslash
D:11:     layout_stronghold, erik_lair_orcish_takeover, serial_column_ruins,
          column_ruins_hut_ruined, column_ruins_temple_circle,
          column_ruins_corridor_straight, column_ruins_grid_1,
          column_ruins_open_tiny, the_hattery, uniq_sonja
Temple:   kilobyte_greek_temple
Lair:1:   dragon1_lemuel, layout_gridlike, nicolae_lair_liquid_snakes,
          grunt_megastairs_2
Lair:2:   nzn_winding_woodlands_large [nzn_winding_woodlands_5x5_closed_star,
          nzn_winding_woodlands_5x15_pockets, nzn_winding_woodlands_5x5_default,
          nzn_winding_woodlands_center_lodge,
          nzn_winding_woodlands_15x15_killbox,
          nzn_winding_woodlands_center_garden,
          nzn_winding_woodlands_5x5_checkerboard,
          nzn_winding_woodlands_5x15_garden, nzn_winding_woodlands_hourglass],
          layout_loops_ring, swamp_mist_pool
Lair:3:   layout_gridlike, spider_nest_entry_rubble
Lair:4:   mu_elephants_graveyard, layout_hall_layers, infiniplex_staircase_pool,
          serial_bayou_shore_b, uniq_nergalle
Lair:5:   layout_roguey, minmay_slime_entry_pillars, bobbens_ice_dragon_lair
Lair:6:   hangedman_lair_tendril_chambers, layout_layer_cave, uniq_rupert

Skill      XL: |  1  2  3  4  5  6  7  8  9 10 11 12 13 14 |
---------------+-------------------------------------------+-----
Long Blades    | 2 3 |  3.3
Armour         | 3 4 5 6 7 8 9 10 | 10.6
Shields        | 3 4 5 6 7 8 |  8.1
Dodging        | 1 2 4 5 6 7 |  7.9
Fighting       | 4 5 6 7 8 |  8.8
Short Blades   | 1 3 5 6 7 8 9 10 | 10.3
Stealth        | 1 3 4 5 |  5.7
Invocations    | 3 5 7 8 10 | 10.9
Spellcasting   | 3 4 5 6 |  6.7
Summonings     | 3 4 5 |  5.9
Hexes          | 2 4 5 |  5.1
Throwing       | |  0.7

Action                   |  1- 3 |  4- 6 |  7- 9 | 10-12 | 13-15 || total
-------------------------+-------+-------+-------+-------+-------++-------
Melee: Long sword        |   101 |   255 |    15 |       |       ||   371
       Headbutt          |    17 |    41 |    89 |   171 |   223 ||   541
       Dagger            |       |    43 |   262 |       |       ||   305
       Short sword       |       |       |   163 |   636 |   696 ||  1495
       Scimitar          |       |       |       |     9 |    13 ||    22
Throw: Throwing net      |       |       |       |     2 |       ||     2
       Javelin           |       |       |       |       |     2 ||     2
 Cast: Summon Guardian G |       |       |       |     1 |     8 ||     9
       Call Canine Famil |       |       |       |       |     3 ||     3
Invok: Lesser Servant of |       |       |       |     1 |       ||     1
       Greater Servant o |       |       |       |       |     1 ||     1
  Use: Potion            |     2 |     2 |       |     4 |     3 ||    11
       Scroll            |       |     7 |     1 |     6 |     1 ||    15
 Stab: Sleeping          |       |       |     9 |    12 |     7 ||    28
       Distracted        |       |       |       |     2 |     1 ||     3
       Petrified         |       |       |       |       |     6 ||     6
Armor: Scale mail        |    58 |   155 |       |       |       ||   213
       Leather armour    |       |    21 |   168 |    32 |       ||   221
       Ring mail         |       |       |       |   147 |   191 ||   338
       Ice dragon scales |       |       |       |       |    66 ||    66
Dodge: Dodged            |    51 |   173 |   251 |   311 |   367 ||  1153
Block: Buckler           |    32 |    87 |   107 |   154 |   350 ||   730
